 Dungeon Crawl Stone Soup version 0.28-a0-643-g84cb2ea78e (webtiles) character file.

Game seed: 14100733635721183794

47 freelancePsychic the Magician (level 3, -5/27 HPs)
             Began as a Djinni Fire Elementalist on Oct 10, 2021.
             Slain by Duvessa (12 damage)
             ... on level 4 of the Dungeon.
             The game lasted 00:04:01 (2816 turns).

freelancePsychic the Magician (DjFE)                Turns: 2816, Time: 00:04:02

Health: -5/27      AC:  3    Str:  7    XL:     3   Next: 97%
Gold:   83         EV: 12    Int: 17    God:
                   SH:  0    Dex: 13

rFire   + + .      SeeInvis .   g - staff of cold
rCold   . . .      Faith    .   (no shield)
rNeg    . . .      Spirit   .   a - +0 robe
rPois   ∞          Reflect  .   (no helmet)
rElec   .          Harm     .   (no cloak)
rCorr   .          Rampage  .   f - +0 pair of gloves
Will    .....                   (boots unavailable)
Stlth   ++........              (no amulet)
HPRegen 0.09/turn               (no ring)
MPRegen 0.00/turn               (no ring)

@: flying
A: sickness immunity, fire resistance 2, cold vulnerability 1, float, innate
caster, hp casting, extra vitality 1
a: no special abilities


You were on level 4 of the Dungeon.
You visited 1 branch of the dungeon, and saw 4 of its levels.

You collected 83 gold pieces.

Inventory:

Armour
 a - a +0 robe (worn)
 f - a +0 pair of gloves (worn)
Magical Staves
 g - a staff of cold (weapon)
Scrolls
 c - 2 scrolls of teleportation {@r4}
 d - 2 scrolls of magic mapping
 e - a scroll of torment {unknown}
 j - a scroll of blinking {unknown}
Potions
 b - a potion of curing {unknown}
 h - a potion of brilliance {unknown}
 i - a potion of attraction {unknown}


   Skills:
 + Level 1.6 Fighting
 - Level 2.1 Dodging
 - Level 1.5 Stealth
 * Level 3.2 Spellcasting


You couldn't memorise any spells.
You knew the following spells:

 Your Spells              Type           Power      Damage    Failure   Level
a - Foxfire               Conj/Fire      52%        2x1d6     4%          1
b - Scorch                Fire           26%        2d6       7%          2
c - Inner Flame           Hex/Fire       13%        N/A       14%         3
d - Conjure Flame         Conj/Fire      13%        6-21      14%         3
e - Flame Wave            Conj/Fire      13%        3d5       41%         4
f - Magic Dart            Conj           52%        1d5       4%          1
Your spell library was empty.

Dungeon Overview and Level Annotations

Branches:
Dungeon (4/15)
 Temple: D:4-7

Altars:
Kikubaaqudgha
The Shining One

Annotations:
D:4 Dowan, Duvessa


Innate Abilities, Weirdness & Mutations

You are immune to sickness and miasma.
You are immune to poison.
Your flesh is very heat resistant. (rF++)
You are vulnerable to cold. (rC-)
You float through the air rather than walking.
You learn spells naturally, not from books.
Your magical power is your life essence.
You have superior vitality. (+4 HP)


Message History

The foxfire hits Duvessa.
Duvessa is lightly wounded.
You conjure some foxfire!
The foxfire hits Duvessa.
Duvessa is moderately wounded.
Casting: Foxfire (safe; 4% risk of failure)
Confirm with . or Enter, or press ? or * to list all spells.
Flames lash Duvessa.
Duvessa is heavily wounded.
Duvessa's fire resistance burns away.
You hear a shout!
The foxfire hits Duvessa.
Duvessa is burned terribly!
Duvessa is heavily wounded.
The foxfire hits Duvessa but does no damage.
Duvessa is heavily wounded.
The foxfire hits Duvessa but does no damage.
Duvessa is heavily wounded.
Dowan, Brother of Duvessa comes into view.
He is wielding a +0 dagger.
You conjure some foxfire!
Your foxfire dissipates!
The foxfire hits Duvessa.
Duvessa is burned terribly!
Duvessa is heavily wounded.
Duvessa says, "Where magic fails, the sword succeeds!"
Dowan smirks and points a slender finger.
Duvessa is no longer more vulnerable to fire.
There is a stone staircase leading up here.
Casting: Foxfire (safe; 4% risk of failure)
Confirm with . or Enter, or press ? or * to list all spells.
Flames lash Duvessa.
Duvessa is almost dead.
Duvessa's fire resistance burns away.
Duvessa hits you with a +0 rapier!
Casting: Scorch (safe; 7% risk of failure)
Confirm with . or Enter, or press ? or * to list all spells.
Flames lash Dowan.
Dowan is heavily wounded.
Dowan's fire resistance burns away.
* * * LOW HITPOINT WARNING * * *
Dowan whispers, "It won't be long now."
Duvessa barely misses you. Duvessa hits you with a +0 rapier!
You die...

##...#..#
#...... #...e#
#..####..>.##.#
[.............#
##.##.#.#..####
.? #e# .# ##
#e# # #@# ###


You could see Duvessa (combustible) and Dowan (combustible).

Vanquished Creatures
  An adder (D:2)
  2 dart slugs
  An orc (D:3)
  2 ball pythons (D:1)
  2 bats
  An endoplasm (D:1)
  A giant cockroach (D:1)
  2 goblins
  2 hobgoblins (D:2)
  8 kobolds
  9 frilled lizards
  4 rats
35 creatures vanquished.

Vanquished Creatures (others)
  119 foxfires
  5 plants (D:2)
124 creatures vanquished.

Grand Total: 159 creatures vanquished

Notes
Turn   | Place    | Note
-------+----------+-------------------------------------------
     0 | D:1      | freelancePsychic the Djinni Fire Elementalist began the
                  | quest for the Orb.
     0 | D:1      | Reached XP level 1. HP: 15/15 MP: 0/0
   547 | D:1      | Reached XP level 2. HP: 18/22 MP: 0/0
   870 | D:1      | Reached skill level 1 in Fighting
  1397 | D:2      | Reached XP level 3. HP: 26/27 MP: 0/0
  1397 | D:2      | Learned a level 1 spell: Magic Dart
  1459 | D:2      | Reached skill level 3 in Spellcasting
  2362 | D:3      | Found a glowing golden altar of the Shining One.
  2801 | D:4      | Noticed Duvessa
  2808 | D:4      | Noticed Dowan
  2816 | D:4      | Slain by Duvessa

Illustrated notes

Levels and vault maps discovered:
D:1:      minmay_arrival_five_plusses, layout_basic, minmay_stone_trees_small,
          minivault_5, grunt_decor_arrowhead
D:2:      layout_loops_ring, basic_altar, hangedman_feature_mirror,
          minmay_lizard_king
D:3:      layout_rooms, tso_metal_star, wad_floor_pattern_2
D:4:      layout_basic, minmay_temple_entry_slanted, biasface_ghost_orc_armoury,
          uniq_duvessa

Skill      XL: |  1  2  3 |
---------------+----------+-----
Fighting       | 1 |  1.6
Spellcasting   | 3 |  3.2
Dodging        | |  2.1
Stealth        | |  1.5

Action                   || total
-------------------------++-------
 Cast: Foxfire           ||    74
       Scorch            ||    10
  Use: Scroll            ||     2
Armor: Robe              ||     2
Dodge: Dodged            ||     5

Table legend: (Time is in decaauts)
 A = Elapsed time spent in this place.
 B = Non-inter-level travel time spent in this place.
 C = Inter-level travel time spent in this place.
 D = Time resting spent in this place.
 E = Time spent auto-exploring this place.
 F = Levels seen in this place.
 G = Mean time per level.
                   A        B        C        D        E       F      G
               +--------+--------+--------+--------+--------+-----+--------+
         Total |   2814 |   2733 |     81 |      0 |   2505 |   4 |  703.5 |
       Dungeon |   2814 |   2733 |     81 |      0 |   2505 |   4 |  703.5 |
               +--------+--------+--------+--------+--------+-----+--------+

Top non-repeatable levels by time:
     D:1: 1246 daAuts
     D:2: 1033 daAuts
     D:3: 517 daAuts
     D:4: 17 daAuts
